 Dungeon Crawl Stone Soup version 0.25.0-10-g039870ee82 (webtiles) character file.

Game seed: 1184733485697928503

151 Delamore the Chopper (level 5, 0/45 HPs)
             Began as a Hill Orc Monk on June 23, 2020.
             Slain by Terence
             ... wielding a +3 short sword of freezing
              (5 damage)
             ... on level 3 of the Dungeon.
             The game lasted 00:02:16 (3142 turns).

Delamore the Chopper (Hill Orc Monk)                Turns: 3142, Time: 00:02:17

Health: 0/45       AC:  3    Str: 15    XL:     5   Next: 33%
Magic:  5/5        EV: 12    Int: 10    God:
Gold:   134        SH:  0    Dex: 13    Spells: 4/4 levels left

rFire    . . .     SeeInvis .   a - +0 hand axe
rCold    . . .     Gourm    .   (no shield)
rNeg     . . .     Faith    .   j - +0 leather armour
rPois    .         Spirit   .   (no helmet)
rElec    .         Reflect  .   (no cloak)
rCorr    .         Harm     .   (no gloves)
MR       .....                  (no boots)
Stlth    ++........             (no amulet)
HPRegen  0.15/turn              (no ring)
MPRegen  0.09/turn              (no ring)

@: no status effects
A: no striking features
a: no special abilities


You were on level 3 of the Dungeon.
You were not hungry.

You visited 1 branch of the dungeon, and saw 3 of its levels.

You collected 134 gold pieces.

Inventory:

Hand Weapons
 a - a +0 hand axe (weapon)
Missiles
 f - 11 poisoned darts (quivered)
Armour
 b - a +0 robe
 j - a +0 leather armour (worn)
 p - a scarf of harm
Jewellery
 i - a cursed ring of teleportation {unknown}
Scrolls
 e - 2 scrolls of teleportation {unknown}
 g - 2 scrolls of amnesia {unknown}
 h - 2 scrolls of identify {unknown}
 k - a scroll of random uselessness {unknown}
 o - a scroll of remove curse {unknown}
Potions
 d - a potion of flight {unknown}
 l - a potion of resistance {unknown}
 n - a potion of haste {unknown}
Comestibles
 c - 3 rations
 m - 2 chunks of flesh


   Skills:
 - Level 3.6 Fighting
 + Level 7.7 Axes
 - Level 2.4 Dodging
 - Level 1.5 Stealth


You had 4 spell levels left.
You didn't know any spells.
Your spell library was empty.

Dungeon Overview and Level Annotations

Branches:
Dungeon (3/15)

Altars:
Fedhas
Hepliaklqana
Trog

Annotations:
D:3 1 runed translucent door, Crazy Yiuf, Terence


Message History

Terence closely misses you.
You barely miss Terence.
Terence is severely wounded.
Terence hits you but does no damage.
You hit Terence.
Terence is almost dead.
Terence hits you with a +3 short sword of freezing!
* * * LOW HITPOINT WARNING * * *
Terence freezes you.
* * * LOW HITPOINT WARNING * * *
You barely miss Terence.
Terence is almost dead.
Terence closely misses you.
You hit Terence.
Terence is almost dead.
Terence barely misses you.
You hit Terence but do no damage.
Terence is almost dead.
Terence hits you with a +3 short sword of freezing.
You die...

.......#.#.......#.#.....#
...###.#.######.##.......#
.........................+
.......#..#####.###......#
..##.###. #.# #....### ..#
.# #.# #....# ..##.#
#.####.### .....#
####......... ..######
#...)@)...... ......<#
#...@))......
.#######..##............
..........##............
#.#######.##?...........
#..# #............
##.###### ######.......
#).....# ....=.. #......#
#


You could see Terence.

Vanquished Creatures
  6 adders
  A worm (D:2)
  A dart slug (D:1)
  2 leopard geckos
  8 orcs (D:3)
  6 ball pythons
  6 giant cockroaches
  7 goblins
  12 hobgoblins
  7 kobolds
  4 quokkas (D:3)
  11 bats
  2 frilled lizards
  4 rats
77 creatures vanquished.

Notes
Turn   | Place    | Note
-------+----------+-------------------------------------------
     0 | D:1      | Delamore the Hill Orc Monk began the quest for the Orb.
     0 | D:1      | Reached XP level 1. HP: 19/19 MP: 1/1
    60 | D:1      | Reached XP level 2. HP: 21/26 MP: 2/2
   224 | D:1      | Reached skill level 5 in Axes
   479 | D:1      | Reached XP level 3. HP: 28/31 MP: 3/3
   977 | D:2      | Reached skill level 6 in Axes
  1254 | D:2      | Reached XP level 4. HP: 20/39 MP: 4/4
  1546 | D:2      | Found a blossoming altar of Fedhas.
  2258 | D:2      | Reached skill level 7 in Axes
  2430 | D:2      | Found a bloodstained altar of Trog.
  2831 | D:3      | Reached XP level 5. HP: 45/45 MP: 5/5
  2942 | D:3      | Found a runed translucent door.
  2943 | D:3      | Noticed Crazy Yiuf
  2972 | D:3      | Found a hazy altar of Hepliaklqana.
  3111 | D:3      | Noticed Terence
  3142 | D:3      | Slain by Terence

Illustrated notes

Levels and vault maps discovered:
D:1:      minmay_arrival_checkered_box, layout_basic, minmay_shallow_snake_nest
D:2:      layout_basic, fedhas_altar_3, lightli_temple_of_fire, first_ration
D:3:      layout_basic, overflow_temple_1_default, uniq_crazy_yiuf_cottage,
          uniq_terence

Skill      XL: |  1  2  3  4 |
---------------+-------------+-----
Axes           | 5 6 7 |  7.7
Fighting       | |  3.6
Dodging        | |  2.4
Stealth        | |  1.5

Action                   |  1- 3 |  4- 6 || total
-------------------------+-------+-------++-------
Melee: Hand axe          |   108 |   150 ||   258
 Stab: Sleeping          |       |     1 ||     1
  Eat: Chunk             |     1 |     6 ||     7
Armor: Robe              |    21 |     1 ||    22
       Leather armour    |       |    32 ||    32
Dodge: Dodged            |   116 |    98 ||   214
